 Dungeon Crawl Stone Soup version 0.29.1-2-gbd0b4ee654 (webtiles) character file.

Game seed: 13232128830176928629

153343 Avanven the Bludgeoner (level 17, -1/108 HPs)
             Began as a Gargoyle Fighter on Nov 15, 2022.
             Was the Champion of Okawaru.
             Killed by the air
             ... invoked by a spriggan air mage
              (18 damage)
             ... on level 4 of the Swamp.
             The game lasted 01:36:15 (36398 turns).

Avanven the Bludgeoner (Gargoyle Fighter)          Turns: 36398, Time: 01:36:15

Health: -1/108     AC: 40    Str: 24    XL:     17   Next: 60%
Magic:  23/23      EV:  5    Int: 14    God:    Okawaru [******]
Gold:   425        SH: 24    Dex: 17    Spells: 16/16 levels left

rFire   . . .      SeeInvis .   N - +6 morningstar (vorpal)
rCold   + + .      Faith    .   H - +5 kite shield {reflect}
rNeg    + . .      Spirit   .   r - +0 crystal plate armour
rPois   ∞          Reflect  +   (helmet restricted)
rElec   +          Harm     .   t - +2 cloak
rCorr   +          Rampage  +   S - +0 pair of gloves {Dex+3}
Will    +....                   R - +1 pair of boots {rampage}
Stlth   ..........              K - amulet "Esiuregu" {Reflect +Blink rElec rC+ Dex+2 SH+5}
HPRegen 0.28/turn               A - ring of protection from cold
MPRegen 0.18/turn               i - ring of resist corrosion

@: corroded, flying, hasted, very quick
A: sickness immunity, AC +12, big wings, negative energy resistance 1,
electricity resistance, torment resistance 1, petrification resistance, horns 1,
agile 1, clever 1
a: Renounce Religion, Evoke Blink, Heroism, Finesse, Duel


You were on level 4 of the Swamp.
You worshipped Okawaru.
Okawaru was exalted by your worship.
You visited 6 branches of the dungeon, and saw 27 of its levels.

You collected 3002 gold pieces.
You spent 2577 gold pieces at shops.

Inventory:

Hand Weapons
 s - the +10 demon trident "Tomayg" {elec, Contam Will+++ Str-2 Dex+7}
   (Okawaru gifted it to you on level 1 of the Snake Pit)

   It occasionally discharges a powerful burst of electricity upon striking a
   foe.
   Str:       It affects your strength (-2).
   Dex:       It affects your dexterity (+7).
   Contam:    It causes magical contamination when unequipped.
   Will:      It greatly increases your willpower.
 B - a +3 demon whip of venom
 N - a +6 vorpal morningstar (weapon)
 Q - the +7 sling of Untruth {flame, rPois}
   (Okawaru gifted it to you on level 4 of the Snake Pit)

   Any ammunition fired from it burns those it strikes, dealing additional fire
   damage.
   rPois:     It protects you from poison.
Missiles
 o - a throwing net (quivered)
Armour
 r - a +0 crystal plate armour (worn)
 t - a +2 cloak (worn)
 H - a +5 kite shield of reflection (worn)
 R - a +1 pair of boots of rampaging (worn)
 S - a +0 pair of gloves of dexterity (worn)
Jewellery
 b - a ring of fire
 e - a ring of see invisible
 i - a ring of resist corrosion (right hand)
 n - a +4 ring of evasion
 p - a ring of protection from fire
 A - a ring of protection from cold (left hand)
 K - the amulet "Esiuregu" (around neck) {Reflect +Blink rElec rC+ Dex+2 SH+5}
   (You bought it in a shop on level 10 of the Dungeon)

   [amulet of reflection]

   It reflects blocked missile attacks.
   Dex:       It affects your dexterity (+2).
   rC:        It protects you from cold.
   rElec:     It insulates you from electricity.
   +Blink:    It lets you blink.
   SH:        It affects your SH (+5).
Wands
 a - a wand of roots (24)
 c - a wand of paralysis (5)
 j - a wand of mindburst (9)
 k - a wand of flame (111)
 v - a wand of polymorph (28)
 x - a wand of digging (7)
 D - a wand of acid (5)
Scrolls
 d - 9 scrolls of teleportation
 g - 4 scrolls of amnesia
 m - 3 scrolls of fog
 y - 4 scrolls of poison
 E - 12 scrolls of identify
 G - 3 scrolls of magic mapping
 J - a scroll of silence
 L - 2 scrolls of immolation
Potions
 h - 2 potions of ambrosia
 l - a potion of brilliance
 q - a potion of haste
 u - 7 potions of curing
 z - a potion of magic
 C - a potion of cancellation
 I - a potion of might
 P - 2 potions of berserk rage
Miscellaneous
 O - a tin of tremorstones (2/2)


   Skills:
 - Level 12.7 Fighting
 - Level 20.8 Maces & Flails
 + Level 15.3 Armour
 - Level 15.0 Shields
 + Level 9.2 Invocations


You had 16 spell levels left.
You didn't know any spells.
Your spell library contained the following spells:

 Spells                   Type           Power      Damage    Failure   Level
 Apportation              Tloc           0%         N/A       100%        1
 Beastly Appendage        Tmut           0%         N/A       100%        1
 Foxfire                  Conj/Fire      0%         2x1d4     100%        1
 Magic Dart               Conj           0%         1d3       100%        1
 Necrotise                Necr           0%         1d4       100%        1
 Sandblast                Erth           0%         2d4       100%        1
 Sting                    Tmut/Pois      0%         1d3       100%        1
 Blink                    Tloc           0%         N/A       100%        2
 Ensorcelled Hibernation  Hex/Ice        0%         N/A       100%        2
 Passwall                 Tmut/Erth      0%         N/A       100%        2
 Poisonous Vapours        Pois/Air       0%         N/A       100%        2
 Static Discharge         Conj/Air       0%         3-3/arc   100%        2
 Wereblood                Tmut           0%         N/A       100%        2
 Conjure Flame            Conj/Fire      0%         6-21      100%        3
 Gell's Gravitas          Tloc           0%         N/A       100%        3
 Ignite Poison            Fire/Tmut/Pois 0%         N/A       100%        3
 Inner Flame              Hex/Fire       0%         N/A       100%        3
 Lesser Beckoning         Tloc           0%         N/A       100%        3
 Mephitic Cloud           Conj/Pois/Air  0%         N/A       100%        3
 Spider Form              Tmut/Pois      0%         N/A       100%        3
 Stone Arrow              Conj/Erth      0%         3d7       100%        3
 Swiftness                Air            0%         N/A       100%        3
 Teleport Other           Tloc           0%         N/A       100%        3
 Airstrike                Air            0%         2d(0-16)  100%        4
 Cause Fear               Hex            0%         N/A       100%        4
 Dispel Undead            Necr           0%         3d6       100%        4
 Flame Wave               Conj/Fire      0%         2d4       100%        4
 Olgreb's Toxic Radiance  Pois           0%         N/A       100%        4
 Passage of Golubria      Tloc           0%         N/A       100%        4
 Sticky Flame             Conj/Fire      0%         2d3       100%        4
 Borgnjor's Vile Clutch   Necr/Erth      0%         N/A       100%        5
 Lightning Bolt           Conj/Air       0%         1d11      100%        5
 Manifold Assault         Tloc           0%         N/A       100%        5
 Dispersal                Tloc           0%         N/A       100%        6
 Enfeeble                 Hex            0%         N/A       100%        7
 Summon Small Mammal      Summ           Unusable   N/A       N/A         1
 Call Imp                 Summ           Unusable   N/A       N/A         2
 Call Canine Familiar     Summ           Unusable   N/A       N/A         3
 Animate Dead             Necr           Unusable   N/A       N/A         4
 Summon Ice Beast         Ice/Summ       Unusable   N/A       N/A         4
 Summon Lightning Spire   Summ/Air       Unusable   N/A       N/A         4
 Death Channel            Necr           Unusable   N/A       N/A         6
 Summon Hydra             Summ           Unusable   N/A       N/A         7

Dungeon Overview and Level Annotations

Branches:
Dungeon (11/15)            Temple (1/1) D:5            Lair (5/5) D:10
  Swamp (4/4) Lair:3        Snake (4/4) Lair:2        Slime (0/5) Lair:4
    Orc (2/2) D:11            Elf (0/3) Orc:2

Altars:
Ashenzari
Cheibriados
Dithmenos
Elyvilon
Fedhas
Gozag
Hepliaklqana
Kikubaaqudgha
Makhleb
Nemelex Xobeh
Okawaru
Qazlal
Sif Muna
Trog
Uskayaw
Vehumet
Wu Jian
Xom
Yredelemnul
Zin
The Shining One
Jiyva

Shops:
D:5 ((   D:6 [   D:7 *   D:10 =   Orc:2 ([(*:   Snake:3 (=*   Snake:4 *[[?((?

Portals:
Hell: Lair:5

Annotations:
Temple 2 transporters
Swamp:4 1 exclusion
Snake:2 2 transporters, ababab's ghost, journeyman FeEn
Snake:4 3 runed translucent doors, exclusions: door and obsidian statue, dvd2's ghost, adept FoFi


Innate Abilities, Weirdness & Mutations

You are immune to sickness and miasma.
Your stone body is resilient. (AC +12)
You are immune to poison.
Your large and strong wings let you fly.
You resist negative energy. (rN+)
You are resistant to electric shocks. (rElec)
You are resistant to unholy torment.
You are immune to petrification.
You have a pair of small horns on your head.
You are agile. (Dex +4, Str/Int -1)
Your mind is acute. (Int +4, Str/Dex -1)


Message History

An eight-headed hydra comes into view. x2
The eight-headed hydra bites you but does no damage.
You block the eight-headed hydra's attack.
The eight-headed hydra bites you but does no damage. x3
The eight-headed hydra barely misses you.
The eight-headed hydra bites you.
* * * LOW HITPOINT WARNING * * *
The eight-headed hydra bites you but does no damage.
Unknown command.
Unknown command.
As you read the scroll of fear, it crumbles to dust.
You assume a fearsome visage.
The five-headed hydra looks frightened!
The eight-headed hydra looks frightened! x2
The eight-headed hydra resists with almost no effort.
The seven-headed hydra resists with some effort.
The five-headed hydra looks frightened!
The seven-headed hydra bites you but does no damage.
You block the seven-headed hydra's attack.
The seven-headed hydra bites you but does no damage.
The seven-headed hydra bites you.
* * * LOW HITPOINT WARNING * * *
The seven-headed hydra bites you.
* * * LOW HITPOINT WARNING * * *
You block the seven-headed hydra's attack. x2
A swamp drake comes into view.
The tyrant leech is engulfed in poison gas.
The tyrant leech is poisoned.
Unknown command.
You rampage towards the five-headed hydra!
You catch the helpless five-headed hydra completely off-guard!
You puncture the five-headed hydra!
Your attack snaps the five-headed hydra out of its fear.
The five-headed hydra is lightly wounded.
Your surroundings suddenly seem different.
A spriggan air mage and a tyrant leech come into view.
Found 18 gold pieces.
The spriggan air mage shouts!
The spriggan air mage waves its arms in wide circles.
The air twists around and strikes you!!
You die...

♣♣~~~i..~~~~♣~~,~~~~**,~,,,
♣.~~.....~§~...~~~~~~~,~^~~
♣~~~.~~~~~~~...~~D~~~,*~~,~
♣♣...~~~~~~i~w~.~~~~~~**,,~
♣~♣♣♣.~~~~...~~~§~~~~**~,~
♣♣**♣§.~~~~~~~~~~~~~~,****
***♣~♣.~~~~~§~~.~~~~~,,***
*,,*♣.~~~~~~.$...~,,~,~,,*
**,~~~~~~♣@.~♣,,,~~~~,,~~,~
*,~,*,~§~♣~~.♣,**~~~*,,,,,~
*,***~,,*♣♣.♣♣****,~,~~~,~, ***
*~*** *♣♣ **,,*~*,,, ***
*******,,,,,* ##* *###
*~,****~,,,,, **
*####§####§§####*~,***,,,~, ~**
***§§≈§§§§§§§§§≈§#***~*~,,~,,
*~***~,≈§§~§§#§§§§#§§§*~,,~,,,,,~


You could see a swamp dragon (fleeing), a tyrant leech and a spriggan air mage
(repels missiles).

Vanquished Creatures
  Mlioglotl (Snake:4)
  A tentacled monstrosity (Swamp:3)
  A fenstrider witch (Swamp:3)
  An orc warlord (Orc:2)
  6 eleionomae
  6 bunyips
  A shambling mangrove (Swamp:3)
  12 hydras
  A salamander tyrant (Snake:3)
  Erica (D:8)
  A boulder beetle (Lair:5)
  A ghost crab (Swamp:3)
  9 anacondas
  6 death yaks
  A two-headed ogre (D:9)
  9 naga warriors
  8 alligators
  An orc high priest (Orc:2)
  7 shock serpents
  7 naga sharpshooters
  A sun demon (Lair:5)
  Amaemon (D:8)
  Sonja (Orc:2)
  4 salamander mystics
  2 goliath frogs (Swamp:3)
  3 spriggan druids
  10 naga ritualists
  2 sea snakes
  2 swamp dragons
  4 orc knights
  8 bog bodies
  A wizard (Lair:5)
  Pikel (D:7)
  5 orc sorcerers (Orc:2)
  An ugly thing (D:11)
  7 mana vipers
  A cyclops (D:9)
  A manticore (D:11)
  8 elephants (Lair:5)
  3 will-o-the-wisps
  18 salamanders
  36 black mambas
  Joseph (D:8)
  A guardian serpent (Snake:3)
  16 cane toads
  2 orange demons
  16 naga magi
  A torpor snail (Lair:5)
  11 komodo dragons
  2 ice devils (Lair:5)
  3 rime drakes (Lair:5)
  A hellwing (Lair:5)
  2 red devils (Lair:5)
  2 bloated husks
  5 trolls
  2 polar bears
  A slime creature (D:5)
  13 hornets
  12 blink frogs
  4 tyrant leeches
  A shadow (D:11)
  Sigmund (D:5)
  61 yaks
  9 spriggans
  3 basilisks
  Eustachio (D:5)
  A vampire (D:11)
  A wraith (D:11)
  A wyvern (Lair:4)
  3 steam dragons
  13 swamp worms
  4 wargs
  30 nagas
  4 hell hounds (Lair:5)
  31 orc warriors
  16 water moccasins
  6 black bears
  3 ice beasts
  3 swamp drakes (Swamp:2)
  3 sky beasts
  10 wolves
  14 ogres
  5 centaurs
  Blork the orc (Orc:2)
  5 kobold brigands
  10 bullfrogs
  5 scorpions
  8 wights
  17 killer bees
  An electric eel (Lair:3)
  4 howler monkeys (D:8)
  7 hounds
  A gnoll bouda (D:9)
  24 orc priests
  7 jellies
  Jessica (D:3)
  4 iguanas
  Ijyb (D:5)
  30 orc wizards
  10 hell rats (Lair:5)
  21 gnolls
  3 adders
  A white imp (D:7)
  2 ufetubi (D:5)
  2 dart slugs
  56 orcs
  5 ball pythons
  8 endoplasms
  2 giant cockroaches (D:2)
  5 goblins
  12 hobgoblins
  6 jackals (D:2)
  5 quokkas
  3 bats
  A frilled lizard (D:2)
  28 kobolds
  3 rats
819 creatures vanquished.

Vanquished Creatures (others)
  A naga (Snake:4)
  16 foxfires
  27 fungi
  30 plants
  10 toadstools (D:5)
84 creatures vanquished.

Grand Total: 903 creatures vanquished

Notes
Turn   | Place    | Note
-------+----------+-------------------------------------------
     0 | D:1      | Avanven the Gargoyle Fighter began the quest for the Orb.
     0 | D:1      | Reached XP level 1. HP: 14/14 MP: 1/1
   244 | D:1      | Reached XP level 2. HP: 19/19 MP: 2/2
   478 | D:1      | Reached skill level 3 in Maces & Flails
   800 | D:2      | Reached XP level 3. HP: 10/23 MP: 3/3
  1333 | D:2      | Reached skill level 4 in Maces & Flails
  1359 | D:2      | Identified the +5 ring mail of Youthful Indiscretion
                  | {Str+2}
  1470 | D:2      | Found the amulet of Elemental Vulnerability {rPois rF--
                  | rC-- AC+8}
  1785 | D:3      | Found a radiant altar of Vehumet.
  1790 | D:3      | Reached XP level 4. HP: 28/28 MP: 4/4
  2047 | D:3      | Got Sif Muna's Lessons on the Tesseract and Fascination
  2186 | D:3      | Noticed Jessica
  2198 | D:3      | Killed Jessica
  2199 | D:3      | Reached skill level 5 in Maces & Flails
  2199 | D:3      | Reached XP level 5. HP: 30/32 MP: 5/5
  2814 | D:4      | Reached skill level 6 in Maces & Flails
  2814 | D:4      | Reached XP level 6. HP: 34/37 MP: 6/6
  2914 | D:4      | Found a basalt altar of Yredelemnul.
  3596 | D:5      | Entered Level 5 of the Dungeon
  3628 | D:5      | Found a staircase to the Ecumenical Temple.
  3650 | Temple   | Entered the Ecumenical Temple
  3650 | Temple   | Found a transporter.
  3650 | Temple   | Found a transporter.
  3652 | Temple   | Found a transporter.
  3652 | Temple   | Found a transporter.
  3666 | Temple   | Became a worshipper of Warmaster Okawaru
  3708 | D:5      | Noticed Ijyb
  3724 | D:5      | Reached skill level 7 in Maces & Flails
  3734 | D:5      | Killed Ijyb
  3794 | D:5      | Reached XP level 7. HP: 39/41 MP: 7/7
  3976 | D:5      | Found Xutierog's Weapon Shop.
  4123 | D:5      | Noticed Eustachio
  4147 | D:5      | Gained mutation: You have hidden genetic potential. [potion
                  | of mutation]
  4147 | D:5      | Gained mutation: You have a pair of small horns on your
                  | head. [potion of mutation]
  4211 | D:5      | Killed Eustachio
  4211 | D:5      | Reached * piety under Okawaru
  4212 | D:5      | Reached skill level 8 in Maces & Flails
  4714 | D:5      | Found Cimueni's Antique Weapon Shop.
  4718 | D:5      | Noticed Sigmund
  4730 | D:5      | Killed Sigmund
  4731 | D:5      | Reached skill level 9 in Maces & Flails
  4731 | D:5      | Reached XP level 8. HP: 35/46 MP: 8/8
  4735 | D:5      | Gained mutation: You are agile. (Dex +4, Str/Int -1)
                  | [hidden potential]
  4898 | D:5      | Reached skill level 10 in Maces & Flails
  4985 | D:5      | Noticed a slime creature
  5000 | D:5      | Killed a slime creature
  5000 | D:5      | Reached ** piety under Okawaru
  5002 | D:5      | Reached skill level 11 in Maces & Flails
  5405 | D:5      | Bought a +2 whip of flaming for 165 gold pieces
  5446 | D:6      | Reached XP level 9. HP: 49/51 MP: 9/9
  5534 | D:6      | Gained mutation: Your mind is acute. (Int +4, Str/Dex -1)
                  | [hidden potential]
  5534 | D:6      | Lost mutation: You have hidden genetic potential. [hidden
                  | potential expressed]
  5697 | D:6      | Reached skill level 12 in Maces & Flails
  6176 | D:6      | Reached *** piety under Okawaru
  6308 | D:6      | Found Tomaulyo's Antique Armour Shoppe.
  6427 | D:7      | Found Zuetwet's Elemental Accessories.
  6480 | D:7      | Reached skill level 13 in Maces & Flails
  6699 | D:7      | Reached XP level 10. HP: 42/56 MP: 10/10
  7234 | D:7      | Reached **** piety under Okawaru
  7235 | D:7      | Reached skill level 14 in Maces & Flails
  7542 | D:8      | Noticed Pikel
  7560 | D:7      | Killed Pikel
  7639 | D:8      | Noticed Joseph
  7672 | D:8      | Killed Joseph
  7673 | D:8      | Reached skill level 5 in Armour
  8607 | D:8      | Noticed an orange demon
  8611 | D:8      | Noticed Amaemon
  8628 | D:8      | Killed Amaemon
  8629 | D:8      | Reached skill level 15 in Maces & Flails
  8639 | D:8      | Killed an orange demon
  8640 | D:8      | Reached XP level 11. HP: 56/62 MP: 11/11
  8696 | D:8      | Noticed Erica
  8707 | D:8      | Killed Erica
  8707 | D:8      | Reached ***** piety under Okawaru
  8708 | D:8      | Reached skill level 5 in Fighting
  9145 | D:9      | Found a shimmering altar of Xom.
  9606 | D:9      | Noticed a two-headed ogre
  9617 | D:9      | Killed a two-headed ogre
  9617 | D:9      | Received a gift from Okawaru
  9644 | D:9      | Noticed a seven-headed hydra
  9649 | D:9      | Killed a seven-headed hydra
  9650 | D:9      | Reached skill level 16 in Maces & Flails
  9764 | D:9      | Noticed a cyclops
  9774 | D:9      | Killed a cyclops
 10440 | D:10     | Entered Level 10 of the Dungeon
 10515 | D:10     | Identified the -1 hat of the Tanner {Rampage Slay+3}
                  | (Okawaru gifted it to you on level 10 of the Dungeon)
 10515 | D:10     | Received a gift from Okawaru
 10656 | D:10     | Found a staircase to the Lair.
 10668 | D:10     | Reached XP level 12. HP: 70/72 MP: 12/12
 10684 | D:10     | Found a sparkling altar of Nemelex Xobeh.
 10693 | D:10     | Found an opulent altar of Gozag.
 10744 | D:10     | Found an ornate altar of the Wu Jian Council.
 10942 | D:10     | Found Hejuwuto's Jewellery Emporium.
 11494 | D:10     | Found an ancient bone altar of Kikubaaqudgha.
 11557 | Lair:1   | Entered Level 1 of the Lair of Beasts
 11821 | Lair:1   | Noticed a four-headed hydra
 11834 | Lair:1   | Killed a four-headed hydra
 11835 | Lair:1   | Reached skill level 17 in Maces & Flails
 11961 | Lair:1   | Noticed a four-headed hydra
 11971 | Lair:1   | Killed a four-headed hydra
 12799 | Lair:2   | Noticed a six-headed hydra
 12810 | Lair:2   | Killed a six-headed hydra
 13029 | Lair:2   | Noticed a five-headed hydra
 13038 | Lair:2   | Killed a five-headed hydra
 13215 | Lair:2   | Found a staircase to the Snake Pit.
 13271 | Lair:2   | Noticed an eight-headed hydra
 13283 | Lair:2   | Killed an eight-headed hydra
 13687 | Lair:2   | Reached skill level 10 in Armour
 13895 | Lair:3   | Reached XP level 13. HP: 67/80 MP: 11/13
 14153 | Lair:3   | Reached ****** piety under Okawaru
 14154 | Lair:3   | Reached skill level 18 in Maces & Flails
 14259 | Lair:3   | Identified the +1 chain mail of Freedom {Dex+7} (Okawaru
                  | gifted it to you on level 3 of the Lair of Beasts)
 14259 | Lair:3   | Received a gift from Okawaru
 14432 | Lair:3   | Found a staircase to the Swamp.
 15559 | Lair:4   | Reached skill level 10 in Fighting
 16169 | Lair:4   | Found a staircase to the Slime Pits.
 16169 | Lair:4   | Found a viscous altar of Jiyva.
 16479 | Lair:4   | Found a hazy altar of Hepliaklqana.
 17158 | Lair:5   | Entered Level 5 of the Lair of Beasts
 17335 | Lair:5   | Reached skill level 19 in Maces & Flails
 17349 | Lair:5   | Identified the +1 scale mail "Vaof" {-Cast Str+3 Slay+2
                  | SInv} (Okawaru gifted it to you on level 5 of the Lair of
                  | Beasts)
 17349 | Lair:5   | Received a gift from Okawaru
 17636 | Lair:5   | Gained mutation: Your large and strong wings let you fly.
                  | [Gargoyle growth]
 17636 | Lair:5   | Reached XP level 14. HP: 75/88 MP: 11/14
 18557 | D:10     | Bought the amulet "Esiuregu" {Reflect +Blink rElec rC+
                  | Dex+2 SH+5} for 808 gold pieces
 18848 | Lair:5   | Identified the +2 scale mail "Opocw" {rPois rC- Int+4}
 19387 | Lair:5   | Found a burning altar of Makhleb.
 19944 | Lair:5   | Found a gateway to Hell.
 20570 | D:11     | Received a gift from Okawaru
 20683 | D:11     | Reached skill level 20 in Maces & Flails
 21020 | D:11     | Found a staircase to the Orcish Mines.
 21401 | Orc:1    | Entered Level 1 of the Orcish Mines
 22292 | Orc:2    | Entered Level 2 of the Orcish Mines
 22308 | Orc:2    | Found a staircase to the Elven Halls.
 23028 | Orc:2    | Noticed Blork the orc
 23052 | Orc:2    | Killed Blork the orc
 23116 | Orc:2    | Noticed an orc warlord
 23144 | Orc:2    | Killed an orc warlord
 23415 | Orc:2    | Reached XP level 15. HP: 88/96 MP: 15/15
 23450 | Orc:2    | Found Luhez's Antique Weapon Boutique.
 23715 | Orc:2    | Reached skill level 5 in Shields
 23864 | Orc:2    | Noticed Sonja
 23878 | Orc:2    | Killed Sonja
 24128 | Orc:2    | Found Jelac's General Store.
 24134 | Orc:2    | Found Yqausougueck's Antique Weapon Shop.
 24156 | Orc:2    | Bought a scroll of teleportation for 39 gold pieces
 24185 | Orc:2    | Found Belajaum's Book Shop.
 24213 | Orc:2    | Found Lunyrr's Antique Armour Shop.
 24219 | Orc:2    | Bought a runed cloak for 210 gold pieces
 24561 | D:10     | Bought a ring of protection from fire for 325 gold pieces
 24652 | Snake:1  | Entered Level 1 of the Snake Pit
 24671 | Snake:1  | Identified the +10 demon trident "Tomayg" {elec, Contam
                  | Will+++ Str-2 Dex+7} (Okawaru gifted it to you on level 1
                  | of the Snake Pit)
 24671 | Snake:1  | Received a gift from Okawaru
 26614 | Snake:1  | Received a gift from Okawaru
 26906 | Snake:2  | Found a blossoming altar of Fedhas.
 26908 | Snake:2  | Found a transporter.
 26909 | Snake:2  | Noticed ababab's ghost (journeyman FeEn)
 27217 | Snake:2  | Reached skill level 10 in Shields
 27525 | Snake:2  | Found a transporter.
 28576 | Snake:3  | Reached XP level 16. HP: 102/103 MP: 16/16
 28578 | Snake:3  | Identified the +5 ring mail of Depression {rElec Int+4
                  | Stlth+} (Okawaru gifted it to you on level 3 of the Snake
                  | Pit)
 28578 | Snake:3  | Received a gift from Okawaru
 28817 | Snake:3  | Found Kiucoigriz's Assorted Antiques.
 28819 | Snake:3  | Found Osyriuq's Jewellery Shoppe.
 28823 | Snake:3  | Found Imich's Weapon Emporium.
 30598 | Snake:4  | Entered Level 4 of the Snake Pit
 30598 | Snake:4  | Found Geagumea's Magic Scroll Shoppe.
 31259 | Snake:4  | Noticed Mlioglotl
 31261 | Snake:4  | Found Nuefoel's CLEARANCE SALE!.
 31276 | Snake:4  | Killed Mlioglotl
 31277 | Snake:4  | Reached skill level 15 in Shields
 31436 | Snake:4  | Found a runed translucent gate.
 31436 | Snake:4  | Found a runed translucent gate.
 31436 | Snake:4  | Found a runed translucent gate.
 31437 | Snake:4  | Found an opulent altar of Gozag.
 31467 | Snake:3  | Reached skill level 1 in Invocations
 31678 | Snake:4  | Identified the +7 sling of Untruth {flame, rPois} (Okawaru
                  | gifted it to you on level 4 of the Snake Pit)
 31678 | Snake:4  | Received a gift from Okawaru
 31853 | Snake:4  | Noticed dvd2's ghost (adept FoFi)
 31857 | Snake:4  | Found Diph's Antique Armour Shop.
 31860 | Snake:4  | Found Upryin's Armour Shoppe.
 31860 | Snake:4  | Found Pynor's Antique Weapon Emporium.
 31860 | Snake:4  | Found Geit Qan's Magic Scroll Boutique.
 31862 | Snake:4  | Found Woraz's Weapon Shop.
 31939 | Snake:4  | Bought a +1 pair of boots of rampaging for 280 gold pieces
 31954 | Snake:4  | Bought a scroll of magic mapping for 142 gold pieces
 31965 | Snake:4  | Bought a scroll of teleportation for 51 gold pieces
 31965 | Snake:4  | Bought a scroll of teleportation for 51 gold pieces
 31965 | Snake:4  | Bought a scroll of fear for 68 gold pieces
 31965 | Snake:4  | Bought a scroll of enchant armour for 127 gold pieces
 31965 | Snake:4  | Bought a scroll of teleportation for 51 gold pieces
 32709 | Swamp:1  | Entered Level 1 of the Swamp
 32935 | Snake:3  | Bought a ring of resist corrosion for 260 gold pieces
 33087 | Swamp:1  | Reached skill level 5 in Invocations
 33101 | Lair:3   | Received a gift from Okawaru
 33560 | Swamp:1  | Reached XP level 17. HP: 108/108 MP: 21/21
 34400 | Swamp:2  | Received a gift from Okawaru
 35080 | Swamp:2  | Identified the +0 pair of gloves of the Bedazzled God
                  | {Drain rPois Int-3 Stlth+}
 35080 | Swamp:2  | Identified the +3 broad axe of the Special Youths {vorpal,
                  | rCorr Int+2}
 35513 | Swamp:3  | Noticed a tentacled monstrosity
 35737 | Swamp:4  | Entered Level 4 of the Swamp
 35883 | Swamp:3  | Killed a tentacled monstrosity
 35884 | Swamp:3  | Reached skill level 15 in Armour
 36081 | Swamp:3  | Got the Commentary on the Assembled Map
 36271 | Swamp:4  | Paralysed by a fenstrider witch for 4 turns
 36398 | Swamp:4  | Killed from afar by a spriggan air mage

Illustrated notes

Levels and vault maps discovered:
D:1:      minmay_arrival_shattered_statue, layout_loops_cross
D:2:      layout_rooms, chequers_serial_rivers_micro_b
D:3:      layout_basic, nicolae_vehumet_altar_sigil, grunt_decor_mini_mirrors,
          grunt_ministairs_1, uniq_jessica
D:4:      layout_cave_pods, mainiacjoe_overflow_24_doors, serial_glass,
          glass_columns_a, glass_columns_a
D:5:      cheibrodos_fertilizer, layout_cave_pods, minmay_temple_entry_waves,
          serial_shops, kennysheep_mini_moat, shop, uniq_ijyb, uniq_sigmund,
          uniq_eustachio
D:6:      layout_loops_ring, serial_shops, shop_fountains
D:7:      layout_basic, corexii_item_surrounded_by_moat, nicolae_elemental_shop
D:8:      layout_loops_ring, uniq_joseph, uniq_erica, uniq_maurice, uniq_pikel,
          uniq_amaemon
D:9:      kennysheep_housing_project, layout_long_grid,
          mainiacjoe_overflow_chevrons, hex_large
D:10:     layout_loops_ring, nemelex_xobeh_ov_fountains_minmay,
          mainiacjoe_overflow_alcove_4, mainiacjoe_overflow_swirl,
          grunt_lair_entry_orc_guard_hut, serial_shops, shop,
          chequers_hall_statues_wall_a
D:11:     layout_basic, david_orc_4
Temple:   hellmonk_temple_divided_pantheon
Lair:1:   layout_cave_shapes, grunt_megastairs_3
Lair:2:   layout_cave_pods, guppyfry_snake_entry_island,
          cheibrodos_lair_caveside_slide
Lair:3:   layout_long_grid, nicolae_swamp_entry_splash_gauntlet, minivault_25,
          serial_bayou_pond_c
Lair:4:   layout_cave_pods, slime_entry_1, basic_altar, minivault_25
Lair:5:   evil_forest, layout_loops_ring, nicolae_lair_grove_arrangements,
          lemuel_fruit_tree
Swamp:1:  layout_basic_swamp, nicolae_swamp_round_clearing,
          infiniplex_staircase_pool_2
Swamp:2:  layout_basic_swamp, nicolae_swamp_orc_logging_accident, swamp_pool5,
          hangedman_swamp_grove
Swamp:3:  layout_basic_swamp, evilmike_swamp_ruin_house_4,
          nicolae_swamp_fairy_circle
Swamp:4:  swamp_old_school, layout_basic_swamp
Snake:1:  layout_onion, grunt_megastairs_1
Snake:2:  cheibrodos_snake_ritualist_ritual, layout_gridlike, basic_altar,
          gammafunk_ghost_berserking_beasts,
          nicolae_snake_yet_another_twisty_hallway
Snake:3:  layout_chambers, minmay_shop_star
Snake:4:  snake_pit_salamanders_mu, layout_misc_corridors, ebering_ghost_gozag,
          st_stairs_1, nicolae_wooded_promenade, nicolae_shop_clearance,
          uniq_mlioglotl
Orc:1:    layout_diamond_mine
Orc:2:    grunt_orc_cross, layout_diamond_mine, serial_shops, shop,
          minmay_orc_temple_a, uniq_sonja

Skill      XL: |  1  2  3  4  5  6  7  8  9 10 11 12 13 14 15 16 17 |
---------------+----------------------------------------------------+-----
Maces & Flails | 3 4 5 6 7 9 11 13 15 16 17 19 20 | 20.8
Armour         | 6 8 10 11 12 13 15 | 15.3
Fighting       | 4 7 9 10 12 | 12.7
Shields        | 4 11 15 | 15.0
Invocations    | 5 9 |  9.2

Action                   |  1- 3 |  4- 6 |  7- 9 | 10-12 | 13-15 | 16-18 || total
-------------------------+-------+-------+-------+-------+-------+-------++-------
Melee: Flail             |    83 |   140 |   161 |       |       |       ||   384
       Headbutt          |       |       |    70 |   163 |   363 |   178 ||   774
       Whip              |       |       |   223 |   301 |       |       ||   524
       Demon whip        |       |       |       |   520 |  1273 |       ||  1793
       Morningstar       |       |       |       |       |   165 |   703 ||   868
Invok: Heroism           |       |       |     2 |    14 |    23 |    13 ||    52
       Finesse           |       |       |       |     1 |     1 |       ||     2
  Use: Scroll            |     4 |     8 |     5 |     7 |     8 |    16 ||    48
       Potion            |     1 |       |     3 |     3 |     4 |     6 ||    17
 Stab: Invisible         |       |       |       |       |     3 |       ||     3
       Fleeing           |       |       |       |       |       |     1 ||     1
Armor: Scale mail        |    65 |       |       |       |       |       ||    65
       Ring mail         |     5 |    57 |   176 |   265 |   528 |   168 ||  1199
       Crystal plate arm |       |       |       |       |       |   110 ||   110
Dodge: Dodged            |    71 |    75 |   357 |   298 |   433 |   134 ||  1368
Block: Buckler           |    24 |    23 |    77 |   120 |   292 |       ||   536
       Reflection        |       |       |       |       |    35 |    58 ||    93
       Kite shield       |       |       |       |       |   241 |   633 ||   874
